 Dungeon Crawl Stone Soup version 0.28.0 (webtiles) character file.

Game seed: 15633026201191056604

2209 Gabide the Thaumaturge (level 9, -1/65 HPs)
             Began as a Mummy Necromancer on Feb 8, 2022.
             Was a Believer of Cheibriados.
             Slain by a wyvern zombie (11 damage)
             ... on level 7 of the Dungeon.
             The game lasted 00:24:48 (9422 turns).

Gabide the Thaumaturge (Mummy Necromancer)          Turns: 9422, Time: 00:24:49

Health: -1/65      AC:  8    Str: 15    XL:     9   Next: 13%
Magic:  13/21      EV: 12    Int: 29    God:    Cheibriados [**....]
Gold:   295        SH:  0    Dex: 16    Spells: 11/24 levels left

rFire   . . .      SeeInvis .   b - +3 spear
rCold   + . .      Faith    .   (no shield)
rNeg    + + +      Spirit   .   j - +3 ring mail {rF+}
rPois   ∞          Reflect  .   (no helmet)
rElec   .          Harm     .   i - scarf {repulsion}
rCorr   .          Rampage  .   (no gloves)
Will    +....                   (no boots)
Stlth   +.........              (no amulet)
HPRegen 0.20/turn               c - ring of wizardry
MPRegen 0.17/turn               l - +6 ring of intelligence

@: repel missiles, very slow
A: cold resistance 1, negative energy resistance 3, torment resistance 2, heat
vulnerability 1, no potions
a: Renounce Religion, Bend Time


You were on level 7 of the Dungeon.
You worshipped Cheibriados.
Cheibriados was pleased with you.
You visited 1 branch of the dungeon, and saw 7 of its levels.

You collected 295 gold pieces.

Inventory:

Hand Weapons
 b - a +3 spear (weapon)
Armour
 a - a +1 robe
 g - a +3 leather armour
 i - a scarf of repulsion (worn)
 j - a +3 ring mail of fire resistance (worn)
Jewellery
 c - a ring of wizardry (left hand)
 l - a +6 ring of intelligence (right hand)
Wands
 e - a wand of charming (13)
 f - a wand of flame (16)
Scrolls
 d - a scroll of identify
 h - a scroll of noise


   Skills:
 * Level 4.1 Fighting
 + Level 2.1 Polearms
 + Level 2.2 Armour
 * Level 3.6 Dodging
 + Level 2.1 Stealth
 + Level 8.3 Spellcasting
 * Level 7.9 Necromancy


You had 11 spell levels left.
You knew the following spells:

 Your Spells              Type           Power      Damage    Failure   Level
a - Pain                  Necr           100%       1d9       1%          1
b - Vampiric Draining     Necr           55%        2d9       1%          3
c - Animate Dead          Necr           27%        N/A       1%          4
d - Agony                 Necr           55%        N/A       3%          5

Your spell library contained the following spells:

 Spells                   Type           Power      Damage    Failure   Level
 Animate Skeleton         Necr           100%       N/A       1%          1


Dungeon Overview and Level Annotations

Branches:
Dungeon (7/15)             Temple (0/1) D:5

Altars:
Cheibriados
Dithmenos
Gozag
Qazlal
Trog
Uskayaw
Wu Jian
Yredelemnul

Shops:
D:5 *

Annotations:
D:3 2 runed translucent doors, Tzialkovskiy's ghost, amateur GrFi


Innate Abilities, Weirdness & Mutations

You are immune to poison.
Your flesh is cold resistant. (rC+)
You are immune to negative energy. (rN+++)
You are immune to unholy pain and torment.
You are vulnerable to heat. (rF-)
You do not drink.


Message History

Your +2 ring mail of fire resistance glows green for a moment.
The wyvern zombie bites you but does no damage.
You hit the wyvern zombie but do no damage.
The wyvern zombie is heavily damaged.
The wyvern zombie bites you!
* * * LOW HITPOINT WARNING * * *
You hit the wyvern zombie.
The wyvern zombie is severely damaged.
The wyvern zombie barely misses you. The wyvern zombie bites you.
* * * LOW HITPOINT WARNING * * *
Press: ? - help, v - describe, . - travel
Here: a wyvern zombie (black smoke, severely damaged)
The floor.
The flow of time bends around you.
The wyvern zombie resists with some effort.
The wyvern zombie misses you.
You fail to use your ability.
The wyvern zombie bites you.
* * * LOW HITPOINT WARNING * * *
The flow of time bends around you.
The wyvern zombie resists with some effort.
The wyvern zombie barely misses you.
You barely miss the wyvern zombie.
The wyvern zombie is severely damaged.
The wyvern zombie closely misses you.
The wyvern zombie bites you but does no damage.
You hit the wyvern zombie.
The wyvern zombie is severely damaged.
The wyvern zombie barely misses you.
You barely miss the wyvern zombie.
The wyvern zombie is severely damaged.
The wyvern zombie bites you.
* * * LOW HITPOINT WARNING * * *
You hit the wyvern zombie but do no damage.
The wyvern zombie is severely damaged.
The wyvern zombie bites you but does no damage.
The wyvern zombie misses you. The flow of time bends around you.
The wyvern zombie resists with some effort.
The wyvern zombie bites you!
You die...

#+########.......#...#.#)#####..#
#.......#.#.#.#.#.# #.##
#.......#.#...###.# #.#
#.#######.........# #.#
####.>###.###.# # #..# #.....##
#..#########..# ##......
#..§≈§≈≈..### #...... #.§.Z@..§.#
#...... #.≈§≈§≈§≈.######......
#.≈≈...§§.#...........
#.≈≈._.≈≈.######......
#§≈≈...≈≈.# #...... #.≈§≈≈≈.≈.#
#...... #.≈.....≈.# #######
#..≈≈≈≈≈..# .###### ##.


You could see a wyvern zombie.

Vanquished Creatures
  Maggie (D:6)
  2 orc warriors
  An ice beast (D:7)
  2 sky beasts
  2 black bears (D:6)
  A necrophage (D:6)
  A scorpion (D:4)
  A bullfrog zombie (D:5)
  A jelly (D:6)
  5 hounds
  A bullfrog skeleton (D:6)
  4 orc priests (D:4)
  2 iguanas
  A scorpion zombie (D:5)
  Natasha (thrice) (D:2)
  4 orc wizards
  4 hound skeletons
  6 adders
  3 gnolls (D:5)
  2 ufetubi
  3 worms
  3 dart slugs
  25 orcs
  6 ball pythons
  10 endoplasms
  2 giant cockroaches
  3 hobgoblins
  2 quokkas
  6 bats
  3 frilled lizards
  7 goblins
  6 kobolds
  9 rats
132 creatures vanquished.

Vanquished Creatures (collateral kills)
  Eustachio (D:6)
  A kobold brigand (D:7)
  An orc priest (D:6)
  A killer bee zombie (D:6)
  An orc (D:6)
  3 kobolds (D:7)
8 creatures vanquished.

Grand Total: 140 creatures vanquished

Notes
Turn   | Place    | Note
-------+----------+-------------------------------------------
     0 | D:1      | Gabide the Mummy Necromancer began the quest for the Orb.
     0 | D:1      | Reached XP level 1. HP: 13/13 MP: 4/4
   346 | D:1      | Reached XP level 2. HP: 18/20 MP: 0/5
  1101 | D:1      | HP: 1/20 [worm (10)]
  1169 | D:1      | Reached skill level 3 in Spellcasting
  1169 | D:1      | Reached XP level 3. HP: 7/25 MP: 0/7
  1563 | D:2      | Reached skill level 1 in Polearms
  1894 | D:2      | Learned a level 3 spell: Vampiric Draining
  2118 | D:2      | Noticed Natasha
  2124 | D:2      | Killed Natasha
  2125 | D:2      | Reached skill level 1 in Fighting
  2125 | D:2      | Reached XP level 4. HP: 33/33 MP: 1/8
  2214 | D:2      | Noticed Natasha
  2221 | D:2      | Killed Natasha
  2261 | D:2      | Noticed Natasha
  2268 | D:2      | Killed Natasha
  2269 | D:2      | Reached skill level 4 in Spellcasting
  2707 | D:3      | Reached XP level 5. HP: 38/38 MP: 6/11
  3072 | D:3      | Found a runed translucent door.
  3075 | D:3      | Noticed Tzialkovskiy's ghost (amateur GrFi)
  3148 | D:3      | Found a runed translucent door.
  3161 | D:3      | Found a faded altar of an unknown god.
  3176 | D:3      | Found an ornate altar of the Wu Jian Council.
  3562 | D:4      | Reached skill level 5 in Spellcasting
  3672 | D:4      | Reached XP level 6. HP: 44/44 MP: 8/14
  4206 | D:4      | Reached skill level 6 in Spellcasting
  4261 | D:4      | Reached skill level 5 in Necromancy
  4428 | D:4      | Found a snail-covered altar of Cheibriados.
  4439 | D:4      | Found a basalt altar of Yredelemnul.
  4447 | D:4      | Became a worshipper of Cheibriados the Contemplative
  4932 | D:4      | Reached XP level 7. HP: 40/51 MP: 16/16
  5104 | D:5      | Entered Level 5 of the Dungeon
  5655 | D:5      | Found a stormy altar of Qazlal.
  5665 | D:5      | Found a shadowy altar of Dithmenos.
  5918 | D:5      | Found a staircase to the Ecumenical Temple.
  5945 | D:5      | Found Xiuf's Assorted Antiques.
  6484 | D:5      | Found an opulent altar of Gozag.
  6693 | D:6      | Reached skill level 7 in Spellcasting
  6700 | D:6      | Reached * piety under Cheibriados
  6886 | D:6      | Learned a level 4 spell: Animate Dead
  6892 | D:6      | Learned a level 5 spell: Agony
  7006 | D:6      | Reached skill level 1 in Armour
  7063 | D:6      | Noticed Eustachio
  7073 | D:6      | Reached XP level 8. HP: 54/58 MP: 0/18
  7116 | D:6      | Killed Eustachio
  7834 | D:6      | Noticed Maggie
  8176 | D:6      | Killed Maggie
  8279 | D:6      | Reached skill level 8 in Spellcasting
  8580 | D:7      | Reached XP level 9. HP: 15/65 MP: 6/21
  8825 | D:7      | Reached ** piety under Cheibriados
  9081 | D:7      | Found a bloodstained altar of Trog.
  9394 | D:7      | Found a hide-covered altar of Uskayaw.
  9422 | D:7      | Slain by a wyvern zombie

Illustrated notes

Levels and vault maps discovered:
D:1:      wander_arrival_peaceful_grave, layout_basic, supply_closet_lemuel,
          minmay_misc_feat_alley, nicolae_wormholes
D:2:      layout_basic, chequers_serial_rivers_micro_e, minmay_surrounded,
          uniq_natasha
D:3:      layout_basic, mainiacjoe_overflow_alcove_2,
          ebering_ecumenical_altar_box, ebering_ghost_sewer_f,
          kennysheep_cluttered_room
D:4:      nicolae_cairo_tiling_very_big, layout_basic,
          mainiacjoe_overflow_small_starburst, mainiacjoe_overflow_boulevard
D:5:      layout_loops_corners, lemuel_coloured_pillars_altar,
          mainiacjoe_overflow_large_starburst, minmay_temple_entry_grid,
          nicolae_ossuary_entry_plus, minivault_4, nicolae_stop_n_shop_1
D:6:      layout_basic, minmay_misc_feat_five, chequers_serial_rivers_large_a,
          uniq_eustachio, uniq_maggie
D:7:      layout_basic, mainiacjoe_overflow_paths, kennysheep_mini_moat

Skill      XL: |  1  2  3  4  5  6  7  8 |
---------------+-------------------------+-----
Spellcasting   | 3 4 5 6 7 8 |  8.3
Polearms       | 1 2 |  2.1
Fighting       | 1 2 3 4 |  4.1
Dodging        | 2 3 |  3.6
Necromancy     | 5 6 7 |  7.9
Stealth        | 2 |  2.1
Armour         | 1 2 |  2.2

Action                   |  1- 3 |  4- 6 |  7- 9 || total
-------------------------+-------+-------+-------++-------
Melee: Spear             |    35 |    30 |   116 ||   181
       Punch             |       |     1 |     4 ||     5
 Cast: Pain              |    82 |   111 |   103 ||   296
       Vampiric Draining |     1 |     3 |    14 ||    18
       Agony             |       |       |     5 ||     5
       Animate Dead      |       |       |     5 ||     5
Invok: Bend Time         |       |       |     3 ||     3
  Use: Scroll            |       |     3 |     3 ||     6
 Stab: Sleeping          |       |     1 |       ||     1
       Distracted        |       |       |     1 ||     1
Armor: Robe              |     4 |    12 |     3 ||    19
       Leather armour    |       |       |    33 ||    33
       Ring mail         |       |       |     9 ||     9
Dodge: Dodged            |    17 |    43 |   109 ||   169
       Repelled          |       |       |     1 ||     1
